 Dungeon Crawl Stone Soup version 0.30-a0-883-g5ad918d77d (webtiles) character file.

Game seed: 7928905800874803223

200 hikkokomori the Slasher (level 5, 0/42 HPs)
             Began as a Merfolk Gladiator on Mar 18, 2023.
             Succumbed to a goblin's poison
             ... on level 2 of the Dungeon.
             The game lasted 00:03:41 (992 turns).

hikkokomori the Slasher (Merfolk Gladiator)          Turns: 992, Time: 00:03:42

Health: 0/42       AC:  5    Str: 15    XL:     5   Next: 79%
Magic:  5/5        EV: 14    Int:  7    God:
Gold:   130        SH:  0    Dex: 17    Spells: 4/4 levels left

rFire   . . .      SeeInvis .    m - +0 great sword
rCold   . . .      Faith    .    (shield currently unavailable)
rNeg    + . .      Spirit   .    b - +0 leather armour
rPois   .          Reflect  .    c - +0 helmet
rElec   .          Rampage  .    (no cloak)
rCorr   .                        (no gloves)
Will    .....                    s - +0 pair of boots
Stlth   ++                       (no amulet)
HPRegen 0.27/turn                i - ring of positive energy
MPRegen 0.09/turn                (no ring)

@: lethally poisoned (0 -> -26), attractive
A: (nimble swimmer 2), mertail
a: no special abilities


You were on level 2 of the Dungeon.
You visited 1 branch of the dungeon, and saw 2 of its levels.

You collected 130 gold pieces.

Inventory:

Hand Weapons
 a - a +0 long sword
 m - a +0 great sword (weapon)
Missiles
 d - 2 throwing nets (quivered)
 e - a javelin
Armour
 b - a +0 leather armour (worn)
 c - a +0 helmet (worn)
 s - a +0 pair of boots (worn)
Jewellery
 i - a ring of positive energy (left hand)
Scrolls
 f - 5 scrolls of identify {unknown}
 k - a scroll of enchant weapon {unknown}
 n - a scroll of noise {unknown}
 o - a scroll of fog
 p - a scroll of teleportation {unknown}
Potions
 g - 2 potions of invisibility {unknown}
 h - a potion of attraction
 j - a potion of haste {unknown}
 l - a potion of ambrosia {unknown}
 q - 2 potions of might {unknown}
 r - a potion of flight {unknown}
 t - a potion of heal wounds {unknown}


   Skills:
 + Level 4.0 Fighting
 + Level 5.3 Long Blades
 - Level 2.0 Throwing
 - Level 4.6 Dodging
 + Level 2.7 Stealth


You had 4 spell levels left.
You didn't know any spells.
Your spell library contained the following spells:

 Spells                   Type           Power      Damage    Failure   Level
 Blink                    Tloc           0%         N/A       65%         2
 Lesser Beckoning         Tloc           0%         N/A       65%         2
 Momentum Strike          Conj/Tloc      0%         3d8       65%         2
 Frozen Ramparts          Ice            0%         1d1       86%         3
 Ice Form                 Ice/Tmut       0%         N/A       99%         4
 Summon Ice Beast         Ice/Summ       0%         N/A       99%         4


Dungeon Overview and Level Annotations

Branches:
Dungeon (2/15)

Altars:

Shops:
D:1 =:

Annotations:
D:2 Robin


Innate Abilities, Weirdness & Mutations

((You are very nimble when in or above water. (Stealth+, EV+, Speed+++)))
Your lower body shifts to a powerful aquatic tail in water.


Message History

Unknown command.
You closely miss the goblin.
The goblin is moderately wounded.
The goblin hits you but does no damage. The goblin hits you with a +0 club.
The goblin closely misses you. The goblin barely misses you.
The goblin hits you with a +0 dagger.
Unknown command.
You hit the goblin but do no damage.
The goblin is moderately wounded.
Robin roars a battlecry!
The goblins go into a battle-frenzy!
The goblin misses you.
The goblin hits you with a +2 dagger of protection.
The goblin hits you with a +2 dagger of venom.
You are poisoned.
The goblin hits you with a +0 dagger. The goblin hits you but does no damage.
The goblin hits you with a +2 dagger of protection.
The goblin closely misses you.
You slash the goblin!
You kill the goblin!
You feel very sick. Robin throws the goblin at you!
The goblin closely misses you. The goblin barely misses you.
The goblin hits you with a +2 dagger of venom.
You are lethally poisoned!
The goblin closely misses you.
Unknown command.
As you read the scroll labelled HONOUNN XOPTYO, it crumbles to dust.
The scroll dissolves into smoke.
It was a scroll of fog.
* * * LOW HITPOINT WARNING * * *
You feel very sick. The goblin closely misses you.
The goblin hits you with a +2 dagger of venom.
* * * LOW HITPOINT WARNING * * *
You are more poisoned.
The goblin hits you but does no damage. x2
Unknown command.
It was a potion of attraction.
You feel attractive to monsters.
You die... #### ..... ##g?g g.g

#################g#
#..............§)g#
..#..[........gg###
#######
##............gg@#
##....>.
##.............gg#
##.....##
..............§.§#
#.......#
...............§.#
#.......#
.................#
#......<#
.................#
##.....##
..#.............##
#>....>.#
#.....)..#.....#
#####.......#
###...##.# ####
#...........#


You could see Robin, a hobgoblin (strong) and 4 goblins.

Vanquished Creatures
  Sigmund (D:2)
  A gnoll (D:1)
  A dart slug (D:1)
  2 ball pythons (D:1)
  2 endoplasms
  A giant cockroach (D:1)
  8 goblins
  6 hobgoblins
  A bat (D:2)
  A frilled lizard (D:1)
  4 kobolds (D:1)
  3 rats
31 creatures vanquished.

Notes
Turn   | Place    | Note
-------+----------+-------------------------------------------
     0 | D:1      | hikkokomori the Merfolk Gladiator began the quest for the
                  | Orb.
     0 | D:1      | Reached XP level 1. HP: 16/16 MP: 1/1
    22 | D:1      | Found Mionat's Book Shoppe.
    58 | D:1      | Reached XP level 2. HP: 20/23 MP: 2/2
   191 | D:1      | Reached skill level 4 in Long Blades
   280 | D:1      | Found Patus's Jewellery Emporium.
   464 | D:1      | Reached XP level 3. HP: 21/28 MP: 3/3
   546 | D:1      | Found a faded altar of an unknown god.
   912 | D:2      | Noticed Sigmund
   928 | D:2      | Killed Sigmund
   929 | D:2      | Reached skill level 5 in Long Blades
   929 | D:2      | Reached XP level 4. HP: 32/37 MP: 4/4
   929 | D:2      | Reached XP level 5. HP: 36/42 MP: 5/5
   976 | D:2      | Noticed Robin
   992 | D:2      | Succumbed to a goblin's poison

Illustrated notes

Levels and vault maps discovered:
D:1:      saegor_arrival_simple_e, layout_basic, serial_shops,
          nicolae_square_shop, nicolae_lakefront_shop,
          shapermc_ecumenical_altar_hornbeckon
D:2:      layout_rooms, uniq_robin, uniq_sigmund

Skill      XL: |  1  2  3 |
---------------+----------+-----
Long Blades    | 4 5 |  5.3
Fighting       | 4 |  4.0
Stealth        | 2 |  2.7
Throwing       | |  2.0
Dodging        | |  4.6

Action                     |  1- 3 |  4- 6 || total
---------------------------+-------+-------++-------
  Melee: Long sword        |    60 |       ||    60
         Great sword       |    10 |    15 ||    25
  Throw: Throwing net      |     1 |       ||     1
    Use: Scroll            |       |     1 ||     1
         Potion            |       |     1 ||     1
 Armour: Leather armour    |    26 |    17 ||    43
  Dodge: Dodged            |    47 |    22 ||    69

Table legend: (Time is in decaauts)
 A = Elapsed time spent in this place.
 B = Non-inter-level travel time spent in this place.
 C = Inter-level travel time spent in this place.
 D = Time resting spent in this place.
 E = Time spent auto-exploring this place.
 F = Levels seen in this place.
 G = Mean time per level.
                   A        B        C        D        E       F      G
               +--------+--------+--------+--------+--------+-----+--------+
         Total |   1005 |    986 |     19 |     95 |    563 |   2 |  502.5 |
       Dungeon |   1005 |    986 |     19 |     95 |    563 |   2 |  502.5 |
               +--------+--------+--------+--------+--------+-----+--------+

Top non-repeatable levels by time:
     D:1: 715 daAuts
     D:2: 290 daAuts
